 Dungeon Crawl Stone Soup version 0.28.0-53-g5a82cb258f (webtiles) character file.

Game seed: 13821472597389414709

385 jjjjhere the Insei (level 6, -5/47 HPs)
             Began as a Gnoll Transmuter on Aug 6, 2022.
             Was a Plaything of Xom.
             Succumbed to a kobold brigand's curare-tipped dart
             ... on level 4 of the Dungeon.
             The game lasted 00:07:36 (4542 turns).

jjjjhere the Insei (Gnoll Transmuter)               Turns: 4542, Time: 00:07:36

Health: -5/47      AC:  7    Str:  9    XL:     6   Next: 77%
Magic:  12/12      EV: 11    Int: 14    God:    Xom [.....*]
Gold:   120        SH:  4    Dex: 15    Spells: 12/15 levels left

rFire   . . .      SeeInvis .     - Unarmed
rCold   . . .      Faith    .   n - +0 buckler
rNeg    . . .      Spirit   .   e - +0 ring mail
rPois   .          Reflect  .   (no helmet)
rElec   .          Harm     .   (no cloak)
rCorr   .          Rampage  .   (no gloves)
Will    .....                   (no boots)
Stlth   +.........              (no amulet)
HPRegen 0.15/turn               (no ring)
MPRegen 0.13/turn               (no ring)

@: lethally poisoned (-5 -> -24), wereblooded, slowed, invisible, very slow
A: fangs 1, strong nose, distributed training, iridescent scales 1, agile 1, low
MP 1, wild magic 1
a: Renounce Religion


You were on level 4 of the Dungeon.
You worshipped Xom.
You were Xom's teddy bear.
You visited 1 branch of the dungeon, and saw 4 of its levels.

You collected 120 gold pieces.

Inventory:

Missiles
 f - 15 poisoned darts
Armour
 a - a +0 robe
 e - a +0 ring mail (worn)
 n - a +0 buckler (worn)
Jewellery
 l - a ring of ice
Scrolls
 b - a scroll of summoning {unknown}
 c - a scroll of enchant weapon {unknown}
 d - 2 scrolls of noise {unknown}
 h - a scroll of acquirement {unknown}
 i - 2 scrolls of teleportation {unknown}
 o - a scroll of blinking {unknown}
 p - a scroll of fog {unknown}
 r - a scroll of enchant armour {unknown}
Potions
 j - a potion of berserk rage {unknown}
 k - a potion of resistance {unknown}
 m - a potion of lignification {unknown}
 q - a potion of curing {unknown}


   Skills:
 + Level 3.3 Fighting
 + Level 2.1 Short Blades
 + Level 2.1 Long Blades
 + Level 2.1 Axes
 + Level 2.1 Maces & Flails
 + Level 2.1 Polearms
 + Level 2.1 Staves
 + Level 2.1 Slings
 + Level 2.1 Bows
 + Level 2.1 Crossbows
 + Level 2.1 Throwing
 + Level 2.1 Armour
 + Level 5.0 Dodging
 + Level 2.1 Stealth
 + Level 2.1 Shields
 + Level 6.9 Unarmed Combat
 + Level 5.4 Spellcasting
 + Level 1.6 Conjurations
 + Level 1.6 Hexes
 + Level 1.6 Summonings
 + Level 1.6 Necromancy
 + Level 1.6 Translocations
 + Level 4.1 Transmutations
 + Level 1.6 Fire Magic
 + Level 1.6 Ice Magic
 + Level 1.6 Air Magic
 + Level 1.6 Earth Magic
 + Level 1.6 Poison Magic
 + Level 2.3 Invocations
 + Level 2.1 Evocations


You had 12 spell levels left.
You knew the following spells:

 Your Spells              Type           Power      Damage    Failure   Level
a - Beastly Appendage     Tmut           40%        N/A       16%         1
b - Wereblood             Tmut           20%        N/A       24%         2

Your spell library contained the following spells:

 Spells                   Type           Power      Damage    Failure   Level
 Spider Form              Tmut/Pois      15%        N/A       58%         3
 Ice Form                 Ice/Tmut       15%        N/A       92%         4


Dungeon Overview and Level Annotations

Branches:
Dungeon (4/15)
 Temple: D:4-7

Altars:
Xom

Shops:
D:2 =


Innate Abilities, Weirdness & Mutations

You have very sharp teeth.
Your uncanny sense of smell can sniff out nearby items.
Your experience applies equally to all skills.
You are partially covered in iridescent scales. (AC +2)
You are agile. (Dex +2)
Your magical capacity is low. (-10% MP)
Your spells are a little harder to cast, but a little more powerful.


Message History

The kobold barely misses you.
You hit the kobold brigand.
The kobold brigand is moderately wounded.
You feel very sick. The kobold barely misses you.
You block the kobold brigand's attack. The kobold closely misses you.
You hit the kobold brigand. Your bite misses the kobold brigand.
The kobold brigand is moderately wounded.
You feel very sick. "Let's go for a ride!"
Your surroundings suddenly seem different.
Found a stone staircase leading down.
Your surroundings suddenly seem different.
Your surroundings suddenly seem different.
Your surroundings suddenly seem different.
Your surroundings suddenly seem different.
Splash!
You fall into the shallow water.
Moving in this stuff is going to be slow.
Your surroundings suddenly seem different.
Your surroundings suddenly seem different.
An orc comes into view. It is wielding a +0 club.
Found a scroll labelled MOAT JUSOTU.
Your surroundings suddenly seem different.
The kobold brigand throws a curare-tipped dart.
The curare-tipped dart closely misses you.
The kobold brigand throws a curare-tipped dart.
The curare-tipped dart hits you.
You are lethally poisoned!
You have difficulty breathing.
* * * LOW HITPOINT WARNING * * *
You feel as though you will be slow longer.
The orc moves out of view.
* * * LOW HITPOINT WARNING * * *
You feel extremely sick.
It was a potion of invisibility.
You fade into invisibility!
Xom is highly amused!
You die...
Xom howls with laughter!

# ############## ######## .#
.......#.....## ##......# .#
......)'......###.......#
.$#
########(...)..#........##'#
#).............#........)K.#
(...)..........'@.....KK(..#
#..............#.)....(....#
########.......#....)...##+#
.'(.....###.......#∆∆∆
..#.....## ##....[.#∆∆∆ ####
######### ########∆∆∆ ≈≈≈≈
≈≈≈≈ ≈≈≈≈


You could see a kobold brigand and a kobold.

Vanquished Creatures
  A kobold brigand (D:4)
  A scorpion (D:3)
  A hound skeleton (D:4)
  Robin (D:2)
  6 gnolls
  2 adders
  4 dart slugs
  3 orcs
  4 endoplasms
  5 giant cockroaches
  29 goblins
  13 hobgoblins
  3 jackals (D:2)
  6 quokkas
  9 ball pythons
  9 bats
  3 frilled lizards
  42 kobolds
  4 rats
146 creatures vanquished.

Notes
Turn   | Place    | Note
-------+----------+-------------------------------------------
     0 | D:1      | jjjjhere the Gnoll Transmuter began the quest for the Orb.
     0 | D:1      | Reached XP level 1. HP: 17/17 MP: 6/6
    29 | D:1      | HP: 5/17 [bat (1)]
    37 | D:1      | HP: 4/17 [bat (1)]
   380 | D:1      | Reached XP level 2. HP: 23/23 MP: 7/7
   389 | D:1      | Learned a level 2 spell: Wereblood
   516 | D:1      | You fall into a shaft and drop 1 floor!
   723 | D:1      | Reached skill level 5 in Spellcasting
   723 | D:1      | Reached XP level 3. HP: 19/28 MP: 4/9
  1113 | D:1      | Found a faded altar of an unknown god.
  1116 | D:1      | Prayed at the altar of an unknown god.
  1116 | D:1      | Became a worshipper of Xom of Chaos
  1394 | D:1      | Reached skill level 1 in Invocations
  1686 | D:2      | Reached skill level 1 in Short Blades
  1686 | D:2      | Reached skill level 1 in Long Blades
  1686 | D:2      | Reached skill level 1 in Axes
  1686 | D:2      | Reached skill level 1 in Maces & Flails
  1686 | D:2      | Reached skill level 1 in Polearms
  1686 | D:2      | Reached skill level 1 in Staves
  1686 | D:2      | Reached skill level 1 in Slings
  1686 | D:2      | Reached skill level 1 in Bows
  1686 | D:2      | Reached skill level 1 in Crossbows
  1686 | D:2      | Reached skill level 1 in Throwing
  1686 | D:2      | Reached skill level 1 in Armour
  1686 | D:2      | Reached skill level 1 in Stealth
  1686 | D:2      | Reached skill level 1 in Shields
  1686 | D:2      | Reached skill level 1 in Evocations
  1828 | D:2      | Noticed Robin
  1844 | D:2      | Reached XP level 4. HP: 31/34 MP: 8/11
  1858 | D:2      | Killed Robin
  1859 | D:2      | XOM: silly message
  1862 | D:2      | XOM: chaos upgrade
  1862 | D:2      | HP: 9/34 [goblin/+4 club of chaos[Robin] (17)]
  1862 | D:2      | XOM: butterfly on damage
  1864 | D:2      | HP: 2/34 [goblin/+4 club of chaos[Robin] (4)]
  1874 | D:2      | HP: 5/34 [quokka (3)]
  2232 | D:2      | XOM: summons 1 hostile demon
  2289 | D:2      | Reached skill level 1 in Conjurations
  2289 | D:2      | Reached skill level 1 in Hexes
  2289 | D:2      | Reached skill level 1 in Summonings
  2289 | D:2      | Reached skill level 1 in Necromancy
  2289 | D:2      | Reached skill level 1 in Translocations
  2289 | D:2      | Reached skill level 1 in Fire Magic
  2289 | D:2      | Reached skill level 1 in Ice Magic
  2289 | D:2      | Reached skill level 1 in Air Magic
  2289 | D:2      | Reached skill level 1 in Earth Magic
  2289 | D:2      | Reached skill level 1 in Poison Magic
  2364 | D:2      | Found Sigulil's Jewellery Shoppe.
  2917 | D:3      | Noticed a scorpion
  2927 | D:3      | Killed a scorpion
  2928 | D:3      | Reached XP level 5. HP: 24/41 MP: 8/12
  3080 | D:3      | XOM: give mutations
  3080 | D:3      | Gained mutation: You are agile. (Dex +2) [Xom's mischief]
  3080 | D:3      | Gained mutation: Your magical capacity is low. (-10% MP)
                  | [Xom's mischief]
  3443 | D:3      | XOM: summons 1 hostile shadow creature
  3458 | D:3      | XOM: polymorph orc -> hobgoblin
  3667 | D:3      | XOM: 3-stop teleportation journey
  4107 | D:4      | Reached XP level 6. HP: 36/47 MP: 7/12
  4289 | D:4      | Reached skill level 5 in Dodging
  4493 | D:4      | XOM: give mutations
  4493 | D:4      | Gained mutation: You are partially covered in iridescent
                  | scales. (AC +2) [Xom's grace]
  4493 | D:4      | Gained mutation: Your spells are a little harder to cast,
                  | but a little more powerful. [Xom's grace]
  4540 | D:4      | XOM: 8-stop teleportation journey
  4540 | D:4      | HP: 9/47 [asphyx]
  4541 | D:4      | HP: 1/47 [poisoned by a kobold brigand (curare-tipped
                  | dart)]
  4542 | D:4      | Succumbed to a kobold brigand's curare-tipped dart

Illustrated notes

Levels and vault maps discovered:
D:1:      roderic_octagonal_star, layout_basic,
          shapermc_ecumenical_altar_mp_vishouse, st_stairs_13, hex_medium
D:2:      layout_basic, serial_shops, shop_fountains,
          chequers_hall_statues_corner_a, uniq_robin
D:3:      layout_loops_ring, slow_altar_2, minmay_goblin_outpost
D:4:      minmay_goblin_kobold_castle, layout_cave_pods,
          yredelemnul_altar_generic, tso_metal_star,
          mainiacjoe_overflow_alcove_1, uniq_menkaure

Skill      XL: |  1  2  3  4  5  6 |
---------------+-------------------+-----
Spellcasting   | 5 |  5.4
Invocations    | 1 2 |  2.3
Short Blades   | 1 2 |  2.1
Long Blades    | 1 2 |  2.1
Axes           | 1 2 |  2.1
Maces & Flails | 1 2 |  2.1
Polearms       | 1 2 |  2.1
Staves         | 1 2 |  2.1
Slings         | 1 2 |  2.1
Bows           | 1 2 |  2.1
Crossbows      | 1 2 |  2.1
Throwing       | 1 2 |  2.1
Armour         | 1 2 |  2.1
Stealth        | 1 2 |  2.1
Shields        | 1 2 |  2.1
Evocations     | 1 2 |  2.1
Conjurations   | 1 |  1.6
Hexes          | 1 |  1.6
Summonings     | 1 |  1.6
Necromancy     | 1 |  1.6
Translocations | 1 |  1.6
Fire Magic     | 1 |  1.6
Ice Magic      | 1 |  1.6
Air Magic      | 1 |  1.6
Earth Magic    | 1 |  1.6
Poison Magic   | 1 |  1.6
Fighting       | 3 |  3.3
Transmutations | 4 |  4.1
Dodging        | 5 |  5.0
Unarmed Combat | |  6.9

Action                   |  1- 3 |  4- 6 || total
-------------------------+-------+-------++-------
Melee: Unarmed           |   113 |   310 ||   423
       Kick              |    11 |     3 ||    14
       Headbutt          |     4 |     5 ||     9
       Bite              |    10 |    30 ||    40
       Punch             |     2 |     4 ||     6
 Cast: Beastly Appendage |     8 |     3 ||    11
       Wereblood         |     2 |    15 ||    17
  Use: Potion            |       |     1 ||     1
 Stab: Sleeping          |     2 |       ||     2
       Invisible         |       |     1 ||     1
       Distracted        |       |     1 ||     1
Armor: Robe              |    11 |       ||    11
       Ring mail         |    31 |   100 ||   131
Dodge: Dodged            |    77 |   160 ||   237
Block: Buckler           |       |    45 ||    45
